 Dungeon Crawl Stone Soup version 0.25.0-3-gd7cc5688da (webtiles) character file.

Game seed: 6197818412205230263

969 Peloso the Slasher (level 7, -2/54 HPs)
             Began as a Demonspawn Fighter on June 15, 2020.
             Was an Initiate of Okawaru.
             Slain by an orc warrior
             ... wielding a +0 scimitar
              (16 damage)
             ... on level 6 of the Dungeon.
             The game lasted 00:08:24 (5250 turns).

Peloso the Slasher (Demonspawn Fighter)             Turns: 5250, Time: 00:08:25

Health: -2/54      AC: 14    Str: 18    XL:     7   Next: 94%
Magic:  0/7        EV:  4    Int:  9    God:    Okawaru [......]
Gold:   213        SH:  9    Dex: 13    Spells: 6/6 levels left

rFire    + + .     SeeInvis .   a - +0 long sword
rCold    . . .     Gourm    .   c - +0 kite shield
rNeg     + . .     Faith    .   q - +0 plate armour
rPois    .         Spirit   +   (no helmet)
rElec    .         Reflect  .   (no cloak)
rCorr    .         Harm     .   (no gloves)
MR       .....                  (no boots)
Stlth    ..........             (no amulet)
HPRegen  0.18/turn              e - ring of positive energy
MPRegen  0.10/turn              v - ring of protection from fire

@: mighty
A: hooves 1, thin metallic scales 1, fire resistance 1, magic shield
a: Renounce Religion


You were on level 6 of the Dungeon.
You worshipped Okawaru.
Okawaru was noncommittal.
You were hungry.

You visited 1 branch of the dungeon, and saw 6 of its levels.

You collected 213 gold pieces.

Inventory:

Hand Weapons
 a - a +0 long sword (weapon)
 b - a cursed +0 dagger
Armour
 c - a +0 kite shield (worn)
 g - a +0 chain mail
 q - a +0 plate armour (worn)
Jewellery
 e - a ring of positive energy (left hand)
 m - an uncursed ring of wizardry
 s - an uncursed ring of magical power
 v - a ring of protection from fire (right hand)
Wands
 j - a wand of random effects (14)
Scrolls
 h - 3 scrolls of fog {unknown}
 i - 15 scrolls of identify {unknown}
 k - 2 scrolls of amnesia {unknown}
 l - a scroll of enchant weapon {unknown}
 o - a scroll of teleportation {unknown}
 p - 5 scrolls of remove curse {unknown}
 t - a scroll of immolation {unknown}
Potions
 d - 3 potions of might
 n - 5 potions of curing
 r - a potion of haste {unknown}
 u - a potion of mutation {unknown}
Comestibles
 f - 7 rations


   Skills:
 + Level 4.2 Fighting
 + Level 5.1 Long Blades
 + Level 4.7 Armour
 + Level 1.3 Dodging
 + Level 1.4 Stealth
 + Level 4.9 Shields


You had 6 spell levels left.
You didn't know any spells.
Your spell library was empty.

Dungeon Overview and Level Annotations

Branches:
Dungeon (6/15)
 Temple: D:4-7

Altars:
Cheibriados
Elyvilon
Makhleb
Okawaru
Sif Muna
Xom

Annotations:
D:4 2 transporters, TangoThomas's ghost, weakling TrBe


Innate Abilities, Weirdness & Mutations

You have large cloven feet.
You are partially covered in thin metallic scales. (AC +2)
Your flesh is heat resistant. (rF+)
When hurt, damage is shared between your health and your magic reserves.


Message History

The orc warrior is lightly wounded.
You block the orc warrior's attack.
You hit the orc warrior but do no damage.
The orc warrior is lightly wounded.
The orc warrior hits you with a +0 scimitar!
* * * LOW HITPOINT WARNING * * *
The orc wizard casts a spell.
The orc wizard blinks!
You feel very mighty all of a sudden.
The orc warrior hits you but does no damage.
You slash the orc warrior! You kick the orc warrior.
The orc warrior is severely wounded.
The orc wizard is no longer moving quickly.
The orc wizard casts a spell.
The orc wizard seems to speed up.
Your shield and plate armour prevent you from hitting the orc warrior.
Your kick misses the orc warrior.
The orc warrior is severely wounded.
The orc warrior hits you with a +0 scimitar!!
You die...

#.)..##
#####....#
##....## ##....#
##....##
##.....##
##....##
##.......#
##....##
##........#
##....##
##..####..##
##...ยง## ##..##
#### # ##....##
##..## ####
##o...###@###
...####
##....oo##
......####.....##
.........##...##
##...........##
###..<......#
#######..## ####


You could see an orc warrior and an orc wizard (fast).

Vanquished Creatures
  An ogre (D:4)
  2 phantoms
  A bullfrog (D:6)
  2 scorpions (D:4)
  An orc priest (D:3)
  A centaur zombie (D:5)
  2 hounds (D:4)
  3 orc wizards
  A centaur skeleton (D:5)
  4 worker ants
  A hound zombie (D:5)
  9 adders
  An ooze (D:2)
  3 worms
  3 dart slugs
  5 leopard geckos
  19 orcs
  3 giant cockroaches
  6 goblins
  5 hobgoblins
  7 jackals
  2 quokkas (D:3)
  A ball python (D:3)
  6 bats
  5 frilled lizards
  5 kobolds
  3 rats (D:2)
102 creatures vanquished.

Notes
Turn   | Place    | Note
-------+----------+-------------------------------------------
     0 | D:1      | Peloso the Demonspawn Fighter began the quest for the Orb.
     0 | D:1      | Reached XP level 1. HP: 18/18 MP: 1/1
   252 | D:1      | Gained mutation: When hurt, damage is shared between your
                  | health and your magic reserves. [demonic ancestry]
   252 | D:1      | Reached XP level 2. HP: 18/24 MP: 2/2
   766 | D:2      | Reached skill level 2 in Long Blades
   933 | D:2      | Gained mutation: You have large cloven feet. [demonic
                  | ancestry]
   933 | D:2      | Reached XP level 3. HP: 29/29 MP: 3/3
  1470 | D:2      | Gained mutation: Your flesh is heat resistant. (rF+)
                  | [demonic ancestry]
  1470 | D:2      | Reached XP level 4. HP: 29/35 MP: 4/4
  2036 | D:3      | Reached XP level 5. HP: 21/41 MP: 3/5
  2323 | D:3      | Reached skill level 3 in Long Blades
  2332 | D:3      | Found a burning altar of Makhleb.
  2936 | D:3      | Found a snail-covered altar of Cheibriados.
  2962 | D:4      | Noticed a phantom
  3027 | D:4      | Killed a phantom
  3027 | D:4      | Reached skill level 1 in Dodging
  3027 | D:4      | Reached XP level 6. HP: 19/47 MP: 4/6
  3286 | D:4      | Reached skill level 4 in Long Blades
  3358 | D:4      | Found a white marble altar of Elyvilon.
  3459 | D:4      | Found a transporter.
  3460 | D:4      | Noticed TangoThomas's ghost (weakling TrBe)
  3473 | D:4      | Found a transporter.
  3699 | D:4      | Gained mutation: You are partially covered in thin metallic
                  | scales. (AC +2) [demonic ancestry]
  3699 | D:4      | Reached XP level 7. HP: 51/53 MP: 7/7
  4328 | D:5      | Entered Level 5 of the Dungeon
  4524 | D:5      | Found a shimmering blue altar of Sif Muna.
  4562 | D:5      | Found a shimmering altar of Xom.
  4577 | D:5      | Found a shimmering altar of Xom.
  4577 | D:5      | Found a shimmering altar of Xom.
  4578 | D:5      | Found a shimmering altar of Xom.
  4578 | D:5      | Found a shimmering altar of Xom.
  4578 | D:5      | Found a shimmering altar of Xom.
  4722 | D:5      | Reached skill level 5 in Long Blades
  4838 | D:5      | Found an iron altar of Okawaru.
  4843 | D:5      | Became a worshipper of Warmaster Okawaru
  5217 | D:6      | Reached skill level 1 in Stealth
  5250 | D:6      | Slain by an orc warrior

Illustrated notes

Levels and vault maps discovered:
D:1:      shiori_arrival_elements, layout_rooms
D:2:      layout_basic, minmay_fountain_box
D:3:      layout_basic, overflow_temple_1_default, kennysheep_slug_shrine,
          first_ration
D:4:      layout_loops_ring, elyvilon_altar_3, gammafunk_ghost_stat_death
D:5:      layout_basic, led_sif_pool, okawaru_metal_pillars_1_2, xom_redecorated
D:6:      layout_cave_pods, kennysheep_little_box,
          minmay_temple_entry_statues_fountains, serial_shops, shop, kb_rosetta,
          uniq_eustachio, uniq_blork_the_orc

Skill      XL: |  1  2  3  4  5  6  7 |
---------------+----------------------+-----
Shields        | 3 4 |  4.9
Armour         | 3 4 |  4.7
Long Blades    | 2 3 4 5 |  5.1
Dodging        | 1 |  1.3
Fighting       | 4 |  4.2
Stealth        | 1 |  1.4

Action                   |  1- 3 |  4- 6 |  7- 9 || total
-------------------------+-------+-------+-------++-------
Melee: Long sword        |   129 |   209 |   126 ||   464
       Kick              |    14 |    54 |    42 ||   110
  Use: Potion            |     1 |     5 |     1 ||     7
 Stab: Invisible         |       |     1 |       ||     1
  Eat: Chunk             |     1 |     9 |     4 ||    14
Armor: Scale mail        |     9 |       |       ||     9
       Chain mail        |    76 |   158 |    60 ||   294
       Plate armour      |       |       |    16 ||    16
Dodge: Dodged            |    24 |    52 |    33 ||   109
Block: Kite shield       |    63 |   142 |    61 ||   266
       Rpst.: Long sword |     5 |    17 |    14 ||    36
